 Dungeon Crawl Stone Soup version 0.31-a0-263-ge8cad7f256 (webtiles) character file.

Game seed: 4084240864217960744

36858 rabbitsville the Destroyer (level 13, -5/86 HPs)
             Began as a Hill Orc Conjurer on July 13, 2023.
             Was a High Priest of Sif Muna.
             Shot with a bolt by an orc knight (14 damage)
             ... on level 2 of the Orcish Mines on July 14, 2023.
             The game lasted 00:59:56 (22101 turns).

rabbitsville the Destroyer (Hill Orc Conjurer)     Turns: 22101, Time: 00:59:57

Health: -5/86      AC: 12    Str: 11    XL:     13   Next: 93%
Magic:  14/32      EV: 10    Int: 22    God:    Sif Muna [*****.]
Gold:   893        SH:  0    Dex:  9    Spells: 23/30 levels left

rFire   + . .        O - staff of conjuration
rCold   x . .        (no shield)
rNeg    . . .        E - +5 ring mail "Jeorph" {Will+}
rPois   .            k - +0 helmet
rElec   .            b - +0 cloak
rCorr   .            (no gloves)
SInv    .            (no boots)
Will    +....        S - amulet of magic regeneration
Stlth   +            n - ring of magical power
HPRegen 0.34/turn    A - ring of fire
MPRegen 0.63/turn

%: no passive effects
@: no status effects
A: low MP 1, subdued magic 1
a: Renounce Religion, Channel Magic, Forget Spell, Divine Exegesis


You were on level 2 of the Orcish Mines.
You worshipped Sif Muna.
Sif Muna was extremely pleased with you.
You visited 4 branches of the dungeon, and saw 19 of its levels.
You also visited: Volcano.

You collected 1425 gold pieces.
You spent 532 gold pieces at shops.

Inventory:

Hand Weapons
 e - a +0 short sword
 q - a +2 dagger of electrocution
Missiles
 g - 39 poisoned darts
Armour
 a - a +0 robe
 b - a +0 cloak (worn)
 k - a +0 helmet (worn)
 E - the +5 ring mail "Jeorph" (worn) {Will+}
   (You found it on level 7 of the Dungeon)

   Will:      It increases your willpower.
Magical Staves
 O - a staff of conjuration (weapon)
Jewellery
 n - a ring of magical power (left hand)
 t - a ring of poison resistance
 A - a ring of fire (right hand)
 N - a ring of ice
 R - an amulet of the acrobat
 S - an amulet of magic regeneration (around neck)
 T - a ring of see invisible
Wands
 w - a wand of iceblast (13)
 B - a wand of charming (21)
 J - a wand of digging (8)
 L - a wand of polymorph (5)
 V - a wand of flame (7)
Scrolls
 c - 4 scrolls of fear
 d - a scroll of brand weapon {unknown}
 f - a scroll of silence {unknown}
 i - 2 scrolls of blinking
 l - a scroll of identify
 p - 3 scrolls of enchant weapon
 r - 4 scrolls of poison
 y - a scroll of revelation
 C - a scroll of fog {unknown}
 F - 2 scrolls of teleportation
 G - 4 scrolls of vulnerability
 H - 2 scrolls of acquirement {unknown}
 K - a scroll of amnesia {unknown}
 M - a scroll of enchant armour {unknown}
 U - a scroll of butterflies {unknown}
Potions
 h - 5 potions of haste
 j - 6 potions of heal wounds
 m - 2 potions of enlightenment {unknown}
 o - 4 potions of lignification
 s - 5 potions of curing
 u - 3 potions of ambrosia
 v - 2 potions of brilliance {unknown}
 x - 2 potions of mutation {unknown}
 z - a potion of berserk rage {unknown}
 D - a potion of invisibility {unknown}
 I - 3 potions of attraction
 P - a potion of resistance {unknown}
 Q - a potion of might {unknown}


   Skills:
 - Level 1.5 Dodging
 - Level 1.5 Stealth
 + Level 9.1 Spellcasting
 - Level 12.3 Conjurations
 * Level 5.5 Hexes
 * Level 11.4 Summonings
 - Level 10.0 Translocations


You had 23 spell levels left.
You knew the following spells:

 Your Spells              Type           Power      Damage    Failure   Level
a - Magic Dart            Conj           100%       1d8       1%          1
b - Searing Ray           Conj           100%       2d8       1%          2
c - Iskenderun's Mystic   Conj/Tloc      62%        2d13      1%          4

Your spell library contained the following spells:

 Spells                   Type           Power      Damage    Failure   Level
 Foxfire                  Conj/Fire      100%       2x1d9     1%          1
 Slow                     Hex            100%       N/A       1%          1
 Blink                    Tloc           82%        N/A       1%          2
 Call Imp                 Summ           92%        N/A       1%          2
 Lesser Beckoning         Tloc           82%        N/A       1%          2
 Momentum Strike          Conj/Tloc      100%       3d10      1%          2
 Static Discharge         Conj/Air       86%        2-6/arc   1%          2
 Dazzling Flash           Conj/Hex       100%       N/A       1%          3
 Iskenderun's Battlesphe  Conj           65%        2d11      1%          5
 Confusing Touch          Hex            26%        N/A       3%          3
 Fulminant Prism          Conj/Hex       27%        3d13      3%          4
 Summon Forest            Summ/Tloc      22%        N/A       4%          5
 Ensorcelled Hibernation  Hex/Ice        34%        N/A       6%          2
 Mephitic Cloud           Conj/Pois/Air  32%        N/A       7%          3
 Flame Wave               Conj/Fire      59%        2d14      11%         4
 Sticky Flame             Conj/Fire      59%        2d7       11%         4
 Summon Mana Viper        Hex/Summ       36%        N/A       12%         5
 Inner Flame              Hex/Fire       25%        N/A       13%         3
 Summon Lightning Spire   Summ/Air       27%        N/A       13%         4
 Summon Cactus Giant      Summ           23%        N/A       19%         6
 Passwall                 Tmut/Erth      5%         N/A       21%         2
 Sublimation of Blood     Necr           7%         N/A       21%         2
 Wereblood                Tmut           7%         N/A       21%         2
 Fireball                 Conj/Fire      29%        3d13      30%         5
 Ozocubu's Armour         Ice            7%         N/A       38%         3
 Swiftness                Air            7%         N/A       38%         3
 Anguish                  Hex/Necr       8%         N/A       41%         4
 Spellforged Servitor     Conj/Summ      32%        N/A       67%         7
 Summon Hydra             Summ           23%        N/A       73%         7
 Metabolic Englaciation   Hex/Ice        8%         N/A       78%         5
 Airstrike                Air            3%         2d(1-17)  82%         4
 Leda's Unmaking          Conj/Erth      21%        9d4       87%         6
 Simulacrum               Ice/Necr       3%         N/A       100%        6


Dungeon Overview and Level Annotations

Branches:
Dungeon (12/15)            Temple (1/1) D:4            Lair (4/5) D:10
 Shoals (0/4) Lair:3       Spider (0/4) Lair:2        Slime (0/5) Lair:4
    Orc (2/2) D:10            Elf (0/3) Orc:2       Volcano (visited)

Altars:
Ashenzari
Cheibriados
Dithmenos
Elyvilon
Fedhas
Gozag
Hepliaklqana
Kikubaaqudgha
Makhleb
Nemelex Xobeh
Okawaru
Qazlal
Ru
Sif Muna
Trog
Uskayaw
Vehumet
Wu Jian
Xom
Yredelemnul
Zin
The Shining One
Jiyva

Shops:
D:10 :   D:11 (   Orc:1 [   Orc:2 =?*

Annotations:
D:7 1 runed translucent door, osoart's ghost, novice OpSh
D:12 Snorg
Lair:2 3 runed translucent doors, lessens's ghost, journeyman TrSh; ryw's ghost, journeyman TrSh
Lair:4 1 runed translucent door


Innate Abilities, Weirdness & Mutations

Your magical capacity is low. (-10% MP)
Your spells are a little easier to cast, but a little less powerful.


Message History

You feel sick. The soul eater barely misses you.
You feel a surge of power!
You miscast Iskenderun's Mystic Blast.
You are very lightly contaminated with residual magic.
Nothing appears to happen.
You feel sick.
The orc high priest invokes the aid of Beogh against you.
Beogh smites you!
The soul eater hits you but does no damage.
You feel a surge of power!
You erupt in a blast of force!
The mystic blast hits the ice devil!
The ice devil is moderately wounded.
The ice devil is knocked back by the mystic blast.
The ice devil slams into the stone wall!
The ice devil is moderately wounded.
The mystic blast hits the orc high priest!!
You kill the orc high priest!
Sif Muna accepts your kill.
The soul eater disappears in a puff of smoke!
The ice devil disappears in a puff of smoke!
You feel sick.
You feel sick.
You feel sick.
You feel sick.
You feel sick.
You feel sick.
You are no longer poisoned.
An orc knight is nearby!
The orc knight unwields a +3 great sword.
The orc knight wields a +2 arbalest of freezing.
It is covered in frost.
The orc knight shoots a bolt.
The bolt hits you! The bolt freezes you!
* * * LOW HITPOINT WARNING * * *
The orc knight roars a battlecry!
You hear a screech!
The orc knight shoots a bolt.
The bolt hits you!
* * * LOW HITPOINT WARNING * * *
The bolt freezes you.
* * * LOW HITPOINT WARNING * * *
Your magical contamination has completely faded away.
The orc knight shoots a bolt.
The bolt hits you!
You die...

###.#.##o.##∩**..##.#.###...####.
##...##..##.,,**.,##o..###...[###
###o#.##.o#∩,∩*,,##)#.###.......#
[###...##..#,*,,##...###...##[.[.
[)###...##.o,,,##...###...##.....
#).###...##.,,##...###..#####....
##.)###...##,##...###..## ##....
###.)###...###...###..## #.....
####.)##....#...@##..## ##....
#####.[#[#.....#.#..## #.#..
######[)...........## ###..
##...#.#.#...## ##. ##[.....[..##
#. ##..#.#..## #. ##.....## ####.
##∩.∩## #.##. ##.## ###...


You could see an orc knight.

Vanquished Creatures
  A red draconian (Volcano)
  2 demonspawn (Orc:2)
  An ogre mage (Volcano)
  11 two-headed ogres
  2 orc high priests (Orc:2)
  Nergalle (Lair:1)
  A skyshark (Lair:3)
  3 orc knights (Orc:2)
  4 orc sorcerers (Orc:2)
  3 elephants (Lair:4)
  A molten gargoyle (Lair:3)
  2 black mambas
  2 orange demons (Orc:2)
  7 cane toads
  3 komodo dragons
  A hornet (D:8)
  A polar bear (Lair:2)
  Sigmund (D:2)
  A jumping spider (Lair:2)
  8 culicivoras (Lair:2)
  A shadow (D:11)
  26 yaks
  5 wyverns
  A redback (Lair:2)
  2 steam dragons
  2 vampire mosquitoes (D:11)
  6 wargs
  11 water moccasins
  22 orc warriors
  A sky beast (D:6)
  An ice beast (D:5)
  3 black bears
  5 ogres
  17 wolves
  4 centaurs
  3 phantoms
  3 kobold brigands
  12 bullfrogs
  A gnoll sergeant (D:9)
  3 scorpions
  2 howler monkeys (D:8)
  5 killer bees (D:10)
  4 electric eels
  A hound (D:6)
  A sleepcap (D:5)
  2 gnoll boudas
  26 orc priests
  3 jellies
  Terence (D:3)
  6 iguanas
  18 orc wizards
  20 gnolls
  5 adders
  A white imp (D:6)
  2 ufetubi
  2 worms
  2 dart slugs
  60 orcs
  32 bats
  8 endoplasms
  5 giant cockroaches
  9 goblins
  6 hobgoblins
  7 jackals
  5 quokkas
  7 ball pythons
  A frilled lizard (D:1)
  21 kobolds
  2 rats (D:1)
449 creatures vanquished.

Notes
Turn   | Place    | Note
-------+----------+-------------------------------------------
     0 | D:1      | rabbitsville the Hill Orc Conjurer began the quest for the
                  | Orb.
     0 | D:1      | Reached XP level 1. HP: 14/14 MP: 3/3
   165 | D:1      | Reached XP level 2. HP: 20/20 MP: 2/4
   393 | D:1      | Found a faded altar of an unknown god.
   689 | D:1      | Reached XP level 3. HP: 26/26 MP: 3/6
  1200 | D:1      | Learned a level 2 spell: Searing Ray
  1260 | D:2      | Reached skill level 5 in Conjurations
  1341 | D:2      | Reached XP level 4. HP: 33/33 MP: 4/7
  2179 | D:2      | Noticed Sigmund
  2193 | D:2      | Killed Sigmund
  2194 | D:2      | Reached skill level 6 in Conjurations
  2194 | D:2      | Reached XP level 5. HP: 25/38 MP: 0/9
  2194 | D:2      | Reached XP level 6. HP: 29/45 MP: 0/10
  2576 | D:3      | Noticed a water moccasin
  2614 | D:3      | Killed a water moccasin
  2877 | D:3      | Noticed Terence
  2885 | D:3      | Killed Terence
  3115 | D:3      | Reached skill level 7 in Conjurations
  3115 | D:3      | Reached XP level 7. HP: 26/50 MP: 12/12
  3901 | D:4      | Found a staircase to the Ecumenical Temple.
  3923 | Temple   | Entered the Ecumenical Temple
  4143 | Temple   | Became a worshipper of Sif Muna the Loreminder
  4826 | D:5      | Entered Level 5 of the Dungeon
  4852 | D:5      | Reached skill level 8 in Conjurations
  4969 | D:5      | Reached XP level 8. HP: 45/57 MP: 14/14
  5446 | D:5      | Reached skill level 9 in Conjurations
  5644 | D:5      | Found a snail-covered altar of Cheibriados.
  5649 | D:5      | Reached * piety under Sif Muna
  5888 | D:6      | Reached skill level 1 in Translocations
  6249 | D:6      | Reached XP level 9. HP: 55/62 MP: 16/16
  6282 | D:6      | Reached skill level 5 in Spellcasting
  6530 | D:6      | Reached skill level 10 in Conjurations
  7170 | D:6      | Upgraded the game from 0.31-a0-246-g8cbcc1cb85 to
                  | 0.31-a0-263-ge8cad7f256
  7175 | D:6      | Learned a level 4 spell: Iskenderun's Mystic Blast
  7400 | D:7      | Identified the +5 ring mail "Jeorph" {Will+}
  7871 | D:7      | Found a runed translucent door.
  7873 | D:7      | Noticed osoart's ghost (novice OpSh)
  8542 | D:8      | Noticed a two-headed ogre
  8542 | D:8      | Noticed a hornet
  8552 | D:8      | Killed a hornet
  8554 | D:8      | Killed a two-headed ogre
  8555 | D:8      | Reached skill level 11 in Conjurations
  8555 | D:8      | Reached skill level 5 in Translocations
  8555 | D:8      | Reached XP level 10. HP: 51/69 MP: 6/18
  8686 | D:8      | Reached ** piety under Sif Muna
  9881 | D:9      | Found a glowing golden altar of the Shining One.
 10434 | D:9      | Found an iron altar of Okawaru.
 10558 | D:9      | Found a bloodstained altar of Trog.
 10980 | D:10     | Entered Level 10 of the Dungeon
 11142 | D:10     | Reached skill level 12 in Conjurations
 11309 | D:10     | Found a staircase to the Lair.
 11500 | D:10     | Reached XP level 11. HP: 45/74 MP: 19/20
 11506 | D:10     | Reached *** piety under Sif Muna
 11694 | D:10     | Found an opulent altar of Gozag.
 11701 | D:10     | Found a white marble altar of Elyvilon.
 11763 | D:10     | Found Heshavol's Book Emporium.
 11921 | D:10     | Reached skill level 1 in Summonings
 12106 | D:10     | Found a staircase to the Orcish Mines.
 12618 | D:11     | Found Riamimy's Antique Weapon Shop.
 13042 | D:11     | Noticed a two-headed ogre
 13051 | D:11     | Killed a two-headed ogre
 13419 | D:11     | Noticed a two-headed ogre
 13426 | D:11     | Killed a two-headed ogre
 13580 | D:12     | Noticed Snorg
 13634 | Lair:1   | Entered Level 1 of the Lair of Beasts
 14447 | Lair:1   | Reached skill level 5 in Summonings
 14641 | Lair:1   | Noticed Nergalle
 14651 | Lair:1   | Killed Nergalle
 15013 | Lair:1   | Reached XP level 12. HP: 81/81 MP: 22/22
 15380 | Lair:2   | Found a dark tunnel.
 15387 | Volcano  | Entered a volcano
 15403 | Volcano  | Noticed an ogre mage
 15406 | Volcano  | Found a bloodstained altar of Trog.
 15407 | Volcano  | Noticed a red draconian
 15409 | Volcano  | Noticed a two-headed ogre
 15411 | Volcano  | Noticed a two-headed ogre
 15411 | Volcano  | Noticed a two-headed ogre
 15417 | Volcano  | Killed a two-headed ogre
 15417 | Volcano  | Killed a two-headed ogre
 15418 | Volcano  | Killed a two-headed ogre
 15428 | Volcano  | Killed an ogre mage
 15435 | Volcano  | Killed a red draconian
 15489 | Volcano  | Noticed a two-headed ogre
 15489 | Volcano  | Noticed a two-headed ogre
 15489 | Volcano  | Noticed a two-headed ogre
 15497 | Volcano  | Killed a two-headed ogre
 15499 | Volcano  | Killed a two-headed ogre
 15501 | Volcano  | Killed a two-headed ogre
 15975 | Lair:2   | Reached **** piety under Sif Muna
 16083 | Lair:2   | Found a hole to the Spider Nest.
 16323 | Lair:2   | Found a runed translucent gate.
 16324 | Lair:2   | Found a runed translucent gate.
 16325 | Lair:2   | Found a runed translucent gate.
 16326 | Lair:2   | Noticed lessens's ghost (journeyman TrSh)
 16326 | Lair:2   | Noticed ryw's ghost (journeyman TrSh)
 16430 | Lair:2   | Reached skill level 10 in Translocations
 16710 | Lair:2   | Reached XP level 13. HP: 74/86 MP: 14/25
 16774 | D:10     | Bought a book of the Wilderness for 532 gold pieces
 17224 | Lair:3   | Found a staircase to the Shoals.
 18349 | Lair:4   | Reached skill level 10 in Summonings
 18623 | Lair:4   | Found a runed translucent door.
 18623 | Lair:4   | Found a viscous altar of Jiyva.
 18623 | Lair:4   | Found a staircase to the Slime Pits.
 18623 | Lair:4   | Noticed an azure jelly
 18623 | Lair:4   | Noticed an azure jelly
 18628 | Lair:4   | Reached skill level 1 in Hexes
 19246 | Orc:1    | Entered Level 1 of the Orcish Mines
 19279 | Orc:2    | Entered Level 2 of the Orcish Mines
 19286 | Orc:2    | Found a staircase to the Elven Halls.
 19345 | Orc:2    | Gained mutation: Your spells are a little easier to cast,
                  | but a little less powerful. [a neqoxec]
 19346 | Orc:2    | Gained mutation: Your magical capacity is low. (-10% MP) [a
                  | neqoxec]
 19441 | Orc:2    | Reached ***** piety under Sif Muna
 19463 | Orc:2    | Received a gift from Sif Muna
 19767 | Orc:2    | Found Vadal's Magic Scroll Shoppe.
 19771 | Orc:2    | Found Jyun's General Store.
 19985 | Orc:2    | Found Beirphicvuq's Jewellery Shop.
 20987 | Orc:1    | Received a gift from Sif Muna
 20992 | Orc:1    | Reached skill level 5 in Hexes
 21612 | Orc:1    | Got Rian's Catalogue of Spellbinding and Incandescence {god
                  | gift}
 21753 | Orc:1    | You fall into a shaft and drop 1 floor!
 21912 | Orc:1    | Found Lolaaq's Antique Armour Shoppe.
 22101 | Orc:2    | Shot with a bolt by an orc knight

Illustrated notes

Levels and vault maps discovered:
D:1:      scummos_arrival_star, layout_basic, shapermc_ecumenical_altar_petra,
          dk_noncrumbling_3, chequers_jeans, grunt_decor_fettered,
          minmay_pentomino_r2
D:2:      minmay_wonky_spiral, layout_basic, kennysheep_generic_room_10,
          uniq_sigmund
D:3:      layout_rooms, lightli_corner_chamber, uniq_terence
D:4:      layout_cave_pods, minmay_temple_entry_wispy
D:5:      layout_basic, marbit_many_paths
D:6:      layout_basic, minmay_circle_x
D:7:      layout_basic, enter_bailey_8, ebering_ghost_reflecting_pool,
          minmay_crystal_water
D:8:      layout_basic, serial_park_tiny_pond
D:9:      layout_cave_pools, mainiacjoe_overflow_swirl,
          nicolae_tso_swordbearing_angel, serial_co_window_serial,
          co_window_of_opportunity_a, co_window_paths_a, co_window_corner_a,
          co_window_corner_a, co_window_corner_a, co_window_of_opportunity_c,
          co_window_corner_ca, co_window_2corner, co_window_paths_e,
          co_window_4corner_b, glass_columns_b
D:10:     layout_stronghold, amethyst_overflow_temple_binary,
          erik_lair_orcish_takeover, orc_0_dummy, serial_shops,
          nicolae_shop_crystal
D:11:     layout_irregular_city, serial_shops, nicolae_shop_waterfront
D:12:     layout_small_grid, uniq_snorg
Temple:   nicolae_temple_slightly_damp_pantheon
Lair:1:   layout_long_grid, grunt_megastairs_1, infiniplex_staircase_pool_2,
          uniq_nergalle
Lair:2:   layout_gridlike, nicolae_spider_entry_tight_spaces, enter_volcano_4,
          gammafunk_ghost_cemetery
Lair:3:   layout_gridlike, elwin_shoals_entry_rocks, serial_bayou_shore_a
Lair:4:   layout_regular_city, slime_entry_2
Orc:1:    layout_diamond_mine, serial_shops, nicolae_shop_dealshenge,
          mines_bat_river
Orc:2:    pf_orc_diabolical, layout_diamond_mine

Skill      XL: |  1  2  3  4  5  6  7  8  9 10 11 12 13 |
---------------+----------------------------------------+-----
Spellcasting   | 2 3 4 5 6 7 8 9 |  9.1
Conjurations   | 5 6 7 8 9 11 12 | 12.3
Translocations | 2 5 6 8 10 | 10.0
Summonings     | 5 9 11 | 11.4
Hexes          | 5 |  5.5
Dodging        | |  1.5
Stealth        | |  1.5

Action                     |  1- 3 |  4- 6 |  7- 9 | 10-12 | 13-15 || total
---------------------------+-------+-------+-------+-------+-------++-------
  Melee: Short sword       |     7 |     4 |       |       |       ||    11
         Dagger            |       |       |       |    26 |       ||    26
         Staff             |       |       |       |     1 |     6 ||     7
  Throw: Dart              |     2 |     2 |       |       |       ||     4
   Cast: Magic Dart        |    56 |    16 |    11 |     9 |    27 ||   119
         Searing Ray       |     1 |    27 |    84 |    46 |     5 ||   163
         Iskenderun's Myst |       |       |     5 |   158 |   202 ||   365
    Use: Scroll            |       |       |       |     6 |     8 ||    14
         Potion            |       |       |       |     4 |       ||     4
 Armour: Robe              |       |     2 |    16 |       |       ||    18
         Ring mail         |       |       |     3 |    78 |    54 ||   135
  Dodge: Dodged            |     4 |    20 |    38 |    72 |    85 ||   219

Table legend: (Time is in decaauts)
 A = Elapsed time spent in this place.
 B = Non-inter-level travel time spent in this place.
 C = Inter-level travel time spent in this place.
 D = Time resting spent in this place.
 E = Time spent auto-exploring this place.
 F = Levels seen in this place.
 G = Mean time per level.
                   A        B        C        D        E       F      G
               +--------+--------+--------+--------+--------+-----+--------+
         Total |  22167 |  21172 |    995 |   1723 |  15433 |  20 | 1108.3 |
       Dungeon |  13564 |  12900 |    664 |    444 |  10078 |  12 | 1130.3 |
        Temple |    239 |    194 |     45 |      0 |    112 |   1 |  239.0 |
          Lair |   5273 |   5070 |    203 |    234 |   4116 |   4 | 1318.2 |
  Orcish Mines |   2871 |   2788 |     83 |    993 |   1126 |   2 | 1435.5 |
       Volcano |    218 |    218 |      0 |     52 |      0 |   1 |  218.0 |
               +--------+--------+--------+--------+--------+-----+--------+

Top non-repeatable levels by time:
   Orc:2: 2063 daAuts
  Lair:1: 1958 daAuts
    D:10: 1592 daAuts
     D:6: 1457 daAuts
     D:9: 1365 daAuts
  Lair:3: 1335 daAuts
     D:2: 1291 daAuts
     D:8: 1291 daAuts
    D:11: 1224 daAuts
     D:4: 1175 daAuts
     D:1: 1138 daAuts
  Lair:2: 1114 daAuts
     D:7: 1066 daAuts
     D:3: 979 daAuts
     D:5: 974 daAuts
